 Dungeon Crawl Stone Soup version 0.21-a0-630-g344d351 (webtiles) character file.

1599 shenanigans the Skirmisher (level 8, -2/73 HPs)
             Began as a Barachi Skald on Dec 26, 2017.
             Was a Follower of Cheibriados.
             Slain by xfalz's ghost (9 damage)
             ... on level 7 of the Dungeon.
             The game lasted 00:23:15 (9588 turns).

shenanigans the Skirmisher (Barachi Skald)          Turns: 9588, Time: 00:23:16

Health: -2/73      AC: 16    Str: 15    XL:     8   Next: 94%
Magic:  11/11      EV:  7    Int: 19    God:    Cheibriados [*.....]
Gold:   394        SH:  0    Dex: 15    Spells: 10/11 levels left

rFire    + . .     SeeInvis .   f - +1 hand axe (chop)
rCold    + . .     Gourm    .   (no shield)
rNeg     . . .     Faith    .   r - +3 plate armour {rC+}
rPois    .         Spirit   .   (no helmet)
rElec    .         Reflect  .   v - scarf {cloud immunity}
rCorr    .         Harm     .   (no gloves)
MR       .....                  (no boots)
Stlth    ..........             (no amulet)
HPRegen  0.22/turn              (no ring)
MPRegen  0.12/turn              (no ring)

@: can't hop, very slightly contaminated, drained, very slow
A: +LOS, swims, talons 1, fire resistance 1, robust 1, slowness 1, sturdy frame
1, strong legs 1
a: Hop, Bend Time, Renounce Religion


You were on level 7 of the Dungeon.
You worshipped Cheibriados.
Cheibriados was aware of your devotion.
You were hungry.

You visited 2 branches of the dungeon, and saw 8 of its levels.

You collected 394 gold pieces.

Inventory:

Hand Weapons
 a - a +0 hand axe
 f - a +1 hand axe of chopping (weapon)
 y - a +0 war axe
Missiles
 q - 4 silver tomahawks (quivered)
Armour
 b - a +0 leather armour
 k - a +0 ring mail
 m - a +0 ring mail
 r - a +3 plate armour of cold resistance (worn)
 s - a +0 cloak
 v - a scarf of cloud immunity (worn)
Wands
 g - a wand of paralysis (6)
Scrolls
 n - 2 scrolls of enchant weapon
 x - 6 scrolls of remove curse
 z - 2 scrolls of identify
 A - a scroll of magic mapping
Potions
 j - 2 potions of curing
 u - a potion of mutation
Books
 c - a book of Battle

   Spells                             Type                      Level
   a - Infusion                       Charms                       1
   b - Shroud of Golubria             Charms/Translocation         2
   c - Song of Slaying                Charms                       2
   d - Spectral Weapon                Hexes/Charms                 3
   e - Regeneration                   Charms/Necromancy            3
 e - a book of Clouds

   Spells                             Type                      Level
   a - Poisonous Vapours              Poison/Air                   2
   b - Mephitic Cloud                 Conjuration/Poison/Air       3
   c - Conjure Flame                  Conjuration/Fire             3
   d - Freezing Cloud                 Conjuration/Ice/Air          6
   e - Ring of Flames                 Charms/Fire                  7
Comestibles
 d - 5 rations


   Skills:
 + Level 7.4(7.3) Fighting
 + Level 6.8(6.7) Axes
 + Level 7.0 Armour
 - Level 2.1 Dodging
 - Level 2.1 Spellcasting
 - Level 3.2 Charms
 + Level 3.2 Invocations


You had 10 spell levels left.
You knew the following spells:

 Your Spells              Type           Power        Failure   Level  Hunger
a - Infusion              Chrm           ##..         71%         1    #......


Dungeon Overview and Level Annotations

Branches:
Dungeon (7/15)             Temple (1/1) D:4

Altars:
Ashenzari
Cheibriados
Dithmenos
Elyvilon
Fedhas
Gozag
Hepliaklqana
Kikubaaqudgha
Makhleb
Nemelex Xobeh
Qazlal
Ru
Sif Muna
Trog
Uskayaw
Vehumet
Wu Jian
Xom
Zin
The Shining One

Annotations:
D:3 ldlework's ghost, amateur TrBe
D:7 xfalz's ghost, novice TrTm


Innate Abilities, Weirdness & Mutations

Shadows flee at your approach. (+LOS)
You can swim through water.
You cover ground slowly.
You can hop short distances.
You have sharp toenails.
Your flesh is heat resistant. (rF+)
You are robust. (+10% HP)
Your movements are slightly less encumbered by armour. (ER -2)


Message History

* * * LOW HITPOINT WARNING * * *
Unknown command.
Blink to where?
Press: ? - help, Dir - move target cursor You are very lightly contaminated with residual magic.
As you read the scroll labeled UPEWKY PAUTY, it crumbles to dust.
It was a scroll of blinking.
Blink to where?
Press: ? - help, Dir - move target cursor
As you read the scroll of blinking, it crumbles to dust.
A sky beast appears from thin air!
Reactivating autopickup.
The sky beast flickers out of sight!
Deactivating autopickup; reactivate with Ctrl-A.
You see here 15 stones.
As you read the scroll labeled GIUHIH DATOI, it crumbles to dust.
It is a scroll of identify.
A - a scroll of magic mapping Xfalz's ghost hits you!
You die...

##..[##.## #.# #.# #.#
#....######.# #.# #.#
#........##.# #.#
#.###....###.##.# #.# #....##.##
#.##.# #.# ##.#.#..<# #.##.# #.#
.....#<### #.##.# #.# .....#.#
###.##.#########.######
.###.#.####.....@W(..........ยง...
. #.............########.#######
.###....###.#.#### #.#
...........#..# #.#
#####...###.### #.# ##.## #.# #.#
#.# #.# #.# #.# ### #.# ..# #.#


You could see xfalz's ghost.

Vanquished Creatures
  An orc warrior (D:6)
  A phantom (D:6)
  An ogre (D:6)
  2 centaurs
  A bullfrog (D:6)
  4 scorpions
  5 wights
  A crimson imp (D:5)
  2 hounds (D:6)
  A jelly (D:7)
  An iguana (D:5)
  2 orc wizards (D:3)
  6 worker ants
  A hound skeleton (D:5)
  4 gnolls (D:5)
  14 adders
  A howler monkey skeleton (D:6)
  2 shadow imps
  An adder zombie (D:5)
  2 adder skeletons
  4 worms
  2 dart slugs
  2 leopard geckos (D:5)
  21 orcs
  4 giant cockroaches
  8 goblins
  8 hobgoblins
  13 jackals
  8 kobolds
  6 quokkas
  2 ball pythons (D:2)
  5 bats
  6 frilled lizards
  A giant cockroach zombie (D:5)
  A quokka skeleton (D:4)
  4 rats
148 creatures vanquished.

Notes
Turn   | Place    | Note
-------+----------+-------------------------------------------
     0 | D:1      | shenanigans the Barachi Skald began the quest for the Orb.
     0 | D:1      | Reached XP level 1. HP: 17/17 MP: 3/3
   279 | D:1      | Reached XP level 2. HP: 23/23 MP: 5/5
   831 | D:1      | Reached XP level 3. HP: 22/29 MP: 6/6
  1770 | D:2      | Reached XP level 4. HP: 23/35 MP: 2/7
  2730 | D:3      | Noticed ldlework's ghost (amateur TrBe)
  3090 | D:3      | Reached XP level 5. HP: 38/42 MP: 8/8
  4367 | D:3      | Found a hazy altar of Hepliaklqana.
  4368 | D:3      | Found a sparkling altar of Nemelex Xobeh.
  4608 | D:4      | Gained mutation: You have sharp toenails. [potion of mutation]
  4608 | D:4      | Gained mutation: Your movements are slightly less encumbered by armour. (ER -2) [potion of mutation]
  4608 | D:4      | Gained mutation: Your flesh is heat resistant. (rF+) [potion of mutation]
  4608 | D:4      | Gained mutation: You are robust. (+10% HP) [potion of mutation]
  4777 | D:4      | Reached XP level 6. HP: 35/53 MP: 9/9
  4842 | D:4      | HP: 2/53 [poisoned by an adder]
  4850 | D:4      | HP: 2/53 [poisoned by an adder]
  5312 | D:5      | Entered Level 5 of the Dungeon
  5410 | D:5      | Reached skill level 5 in Fighting
  5576 | D:5      | Reached XP level 7. HP: 28/61 MP: 10/10
  5813 | D:5      | Reached skill level 5 in Axes
  5813 | D:5      | Reached skill level 5 in Armour
  6190 | D:4      | Found a staircase to the Ecumenical Temple.
  6340 | Temple   | Entered the Ecumenical Temple
  6346 | Temple   | Became a worshipper of Cheibriados the Contemplative
  7318 | D:6      | Reached skill level 1 in Invocations
  7451 | D:5      | Reached * piety under Cheibriados
  7710 | D:6      | Reached XP level 8. HP: 70/70 MP: 11/11
  7815 | D:6      | Noticed a white ugly thing
  8943 | D:6      | Found an ancient bone altar of Kikubaaqudgha.
  9546 | D:7      | Noticed xfalz's ghost (novice TrTm)
  9571 | D:7      | HP: 1/73 [xfalz's ghost (13)]
  9588 | D:7      | Slain by xfalz's ghost

Vault maps used:
D:1:      minmay_arrival_split_and_join
D:3:      gammafunk_temple_overflow_statue
D:4:      minmay_temple_entry_statues, portal_sewer_entry_d
D:5:      first_ration
D:6:      cheibrodos_barr_body, basic_altar
D:7:      the_bakery, amethyst_killhole
Temple:   nicolae_temple_no_exploring_needed

Skill      XL: |  1  2  3  4  5  6  7  8 |
---------------+-------------------------+-----
Armour         | 2 3 4 5 7 |  7.0
Fighting       | 3 4 5 6 7 |  7.4
Axes           | 3 4 5 6 |  6.8
Invocations    | 1 3 |  3.2
Dodging        | |  2.1
Spellcasting   | |  2.1
Charms         | |  3.2

Action                   |  1- 3 |  4- 6 |  7- 9 || total
-------------------------+-------+-------+-------++-------
Melee: Hand axe          |   106 |   296 |   285 ||   687
       Whip              |       |   269 |       ||   269
       Kick              |       |    33 |    88 ||   121
Throw: Tomahawk          |       |       |     2 ||     2
 Cast: Infusion          |     3 |     1 |       ||     4
 Abil: Hop               |       |       |     6 ||     6
Evoke: Wand              |       |       |     5 ||     5
  Use: Scroll            |       |     3 |    13 ||    16
       Potion            |       |     4 |     2 ||     6
 Stab: Sleeping          |     1 |       |       ||     1
       Invisible         |       |     1 |       ||     1
  Eat: Chunk             |     3 |    10 |     4 ||    17
       Ration            |       |     1 |     2 ||     3
Armor: Leather armour    |    16 |       |       ||    16
       Ring mail         |    10 |    48 |       ||    58
       Plate armour      |       |   358 |   182 ||   540
Dodge: Dodged            |    59 |   149 |    78 ||   286

Table legend:
 A = Spawn XP
 B = Non-spawn XP
 C = Spawn XP percentage of total XP
 D = Spawn monster count
 E = Non-spawn monster count
 F = Spawn count percentage of total count
 G = Total turns spent on level
                    A         B        C        D         E        F      G
               +---------+---------+-------+---------+---------+-------+---------
         Total |       0 |    2285 |   0.0 |       0 |     148 |   0.0 |  9588
               +---------+---------+-------+---------+---------+-------+---------
           D:1 |       0 |      37 |   0.0 |       0 |      21 |   0.0 |  1360
           D:2 |       0 |     112 |   0.0 |       0 |      34 |   0.0 |  2177
           D:3 |       0 |     155 |   0.0 |       0 |      20 |   0.0 |  1013
           D:4 |       0 |     185 |   0.0 |       0 |      15 |   0.0 |  1323
           D:5 |       0 |     459 |   0.0 |       0 |      21 |   0.0 |  1352
           D:6 |       0 |    1295 |   0.0 |       0 |      36 |   0.0 |  1970
           D:7 |       0 |      42 |   0.0 |       0 |       1 |   0.0 |   378
               +---------+---------+-------+---------+---------+-------+---------
